 Dungeon Sprint DCSS version 0.31.0-10-gcf4a605ca0 (webtiles) character file.

Game seed: 1761565083307626328

1400000 Ashen the Acrobat (level 14, -16/125 HPs)
             Began as a Djinni Warper on Jan 25, 2024.
             Was a Priest of Makhleb.
             Demolished by a large bag of meat
             ... wielding a +9 giant spiked club
              (130 damage)
             ... in the Dungeon (Sprint VIII: "Arena of Blood").
             The game lasted 00:00:43 (14 turns).

Ashen the Acrobat (Djinni Warper)                     Turns: 14, Time: 00:00:43

Health: -16/125    AC:  3    Str: 10    XL:     14   Next: 11%
Gold:   0          EV: 24    Int: 17    God:    Makhleb [***...] SH:  0 Dex: 16

rFire   + + .        h - +∞ Axe of Woe
rCold   x . .        (shield currently unavailable)
rNeg    . . .        a - +0 leather armour
rPois   ∞            (no helmet)
rElec   .            (no cloak)
rCorr   .            (no gloves)
SInv    .            (boots unavailable)
Will    +....        (no amulet)
Stlth   +            (no ring)
HPRegen 0.40/turn    (no ring)
MPRegen 0.00/turn

%: no teleportation, infuse magic (-17 HP)
@: flying
A: sickness immunity, fire resistance 2, cold vulnerability 1, float, innate
caster, HP casting, extra vitality 1
a: Renounce Religion, Minor Destruction, Lesser Servant of Makhleb


You were in the Dungeon.
You worshipped Makhleb.
Makhleb was most pleased with you.
You visited 1 branch

Inventory:

Hand Weapons
 h - the +∞ Axe of Woe (weapon)
   (You found it in the Dungeon)
Missiles
 c - 7 darts of dispersal (quivered)
Armour
 a - a +0 leather armour (worn)
Scrolls
 b - 2 scrolls of blinking
Potions
 d - a potion of curing
 e - a potion of heal wounds
 f - a potion of haste
 g - a potion of berserk rage


   Skills:
 - Level 20.0 Fighting
 + Level 7.4 Axes
 - Level 5.7 Throwing
 - Level 6.9 Armour
 - Level 21.6 Dodging
 - Level 19.6 Unarmed Combat
 - Level 2.9 Spellcasting
 - Level 2.9 Conjurations
 - Level 2.9 Hexes
 - Level 2.9 Summonings
 - Level 2.9 Necromancy
 - Level 2.9 Translocations
 - Level 2.9 Fire Magic
 - Level 2.9 Ice Magic
 - Level 2.9 Air Magic
 - Level 2.9 Earth Magic
 - Level 2.9 Alchemy


You knew the following spells:

 Your Spells              Type           Power      Damage    Failure   Level
a - Blink                 Tloc           24%        N/A       10%         2
b - Lesser Beckoning      Tloc           24%        N/A       10%         2
c - Teleport Other        Tloc           12%        N/A       21%         3
d - Manifold Assault      Tloc           12%        N/A       54%         4
e - Vhi's Electric Charg  Tloc/Air       24%        N/A       54%         4
f - Freeze                Ice            48%        1d6       7%          1
g - Ensorcelled Hibernat  Hex/Ice        24%        N/A       10%         2
h - Stone Arrow           Conj/Erth      24%        3d8       21%         3
i - Petrify               Alch/Erth      12%        N/A       54%         4
j - Yara's Violent Unrav  Hex/Alch       6%         3d5       88%         5
k - Alistair's Intoxicat  Alch           8%         N/A       88%         5
Your spell library was empty.

Dungeon Overview and Level Annotations

Branches:
Dungeon (1/1)

Altars:
Makhleb


Innate Abilities, Weirdness & Mutations

You are immune to sickness and miasma.
You are immune to poison.
Your flesh is very heat resistant. (rF++)
You are vulnerable to cold. (rC-)
You float through the air rather than walking.
You learn spells naturally, not from books.
Your magical power is your life essence.
You have superior vitality. (+4 MHP)


Message History

Your Fighting skill gained 4 levels and is now at level 20!
Your Axes skill gained 3 levels and is now at level 7!
Your Throwing skill increases to level 5!
Your Armour skill increases to level 6!
Your Dodging skill gained 3 levels and is now at level 21!
Your Unarmed Combat skill gained 3 levels and is now at level 19!
You have reached level 13!
The power to cast Alistair's Intoxication wells up from within.
Spell assigned to 'k'.
You have reached level 14!
The bag of meat shouts! x2
You slash the meat berserker!
You pulverise the meat berserker into a thin bloody mist.
You kill the meat berserker!
Makhleb accepts your kill.
You feel better.
You slash the bag of meat!
You cleave the bag of meat in twain.
You kill the bag of meat!
Makhleb accepts your kill.
You can now harness Makhleb's destructive might.
You hit the meat berserker.
You chop the meat berserker into pieces.
You kill the meat berserker!
Makhleb accepts your kill.
You feel better.
You slash the bag of meat! You chop the bag of meat into pieces.
You kill the bag of meat!
Makhleb accepts your kill.
You hit the meat berserker.
You pulverise the meat berserker into a thin bloody mist.
You kill the meat berserker!
Makhleb accepts your kill.
You can now summon a lesser servant of Makhleb.
You hear a shout! x4
A bag of meat comes into view. It is wielding a +9 war axe. x3
A meat berserker comes into view. It is wielding a +9 battleaxe.
A bag of meat comes into view. It is wielding a +9 war axe.
The large bag of meat hits you with a +9 giant spiked club!!!!
Ouch! That really hurt!
You die...

#.....##.##....
...oo............
...oo....#.#......
...o...o.........#
.......o......o...
#......o..ooo.....
......oooo.......
..O...oOoo.......
...#oO@)...#...
#..)....# ..
.###.......###...
.....O###........
...o.._..o......
.....#....o#......
.....#_.<._#......
.....#.....#.o....
......_.........


You could see a large bag of meat (inner flame), 3 meat berserkers and 23 bags
of meat.

Vanquished Creatures
  5 ogres (D)
  3 orcs (D)
8 creatures vanquished.

Notes
Turn   | Place    | Note
-------+----------+-------------------------------------------
     0 | D        | Found the +∞ Axe of Woe
     0 | D        | Ashen the Djinni Warper began the quest for the Orb.
     0 | D        | Ashen set off with the following spells memorised: Blink,
                  | Lesser Beckoning, Teleport Other, Manifold Assault, Vhi's
                  | Electric Charge.
     0 | D        | Reached XP level 1. HP: 18/18 MP: 0/0
     2 | D        | Noticed a bag of meat
     3 | D        | Became a worshipper of Makhleb the Destroyer
     3 | D        | Noticed a bag of meat
     6 | D        | Noticed a meat berserker
     7 | D        | Noticed a bag of meat
     8 | D        | Noticed a bag of meat
     9 | D        | Noticed a large bag of meat
     9 | D        | Noticed a bag of meat
     9 | D        | Noticed a bag of meat
     9 | D        | Noticed a bag of meat
     9 | D        | Noticed a meat berserker
     9 | D        | Noticed a meat berserker
     9 | D        | Noticed a bag of meat
     9 | D        | Noticed a bag of meat
     9 | D        | Noticed a bag of meat
     9 | D        | Noticed a bag of meat
    10 | D        | Noticed a bag of meat
    10 | D        | Noticed a bag of meat
    10 | D        | Noticed a bag of meat
    10 | D        | Noticed a bag of meat
    10 | D        | Noticed a bag of meat
    10 | D        | Noticed a bag of meat
    11 | D        | Noticed a meat berserker
    12 | D        | Killed a meat berserker
    12 | D        | Noticed a meat berserker
    12 | D        | Noticed a meat berserker
    12 | D        | Noticed a bag of meat
    12 | D        | Noticed a bag of meat
    12 | D        | Noticed a meat berserker
    13 | D        | Reached skill level 5 in Armour
    13 | D        | Reached skill level 18 in Dodging
    13 | D        | Reached XP level 2. HP: 45/45 MP: 0/0
    13 | D        | Reached XP level 3. HP: 50/50 MP: 0/0
    13 | D        | Learned a level 1 spell: Freeze
    13 | D        | Reached XP level 4. HP: 57/57 MP: 0/0
    13 | D        | Reached XP level 5. HP: 62/62 MP: 0/0
    13 | D        | Learned a level 2 spell: Ensorcelled Hibernation
    13 | D        | Reached XP level 6. HP: 69/69 MP: 0/0
    13 | D        | Reached XP level 7. HP: 75/75 MP: 0/0
    13 | D        | Learned a level 3 spell: Stone Arrow
    13 | D        | Reached XP level 8. HP: 81/81 MP: 0/0
    13 | D        | Reached XP level 9. HP: 86/86 MP: 0/0
    13 | D        | Learned a level 4 spell: Petrify
    13 | D        | Reached XP level 10. HP: 93/93 MP: 0/0
    13 | D        | Reached XP level 11. HP: 99/99 MP: 0/0
    13 | D        | Learned a level 5 spell: Yara's Violent Unravelling
    13 | D        | Reached XP level 12. HP: 105/105 MP: 0/0
    13 | D        | Killed a meat berserker
    13 | D        | Reached * piety under Makhleb
    13 | D        | Killed a bag of meat
    13 | D        | Noticed a bag of meat
    13 | D        | Noticed a bag of meat
    13 | D        | Noticed a bag of meat
    13 | D        | Noticed a bag of meat
    14 | D        | Reached skill level 5 in Throwing
    14 | D        | Reached skill level 21 in Dodging
    14 | D        | Reached XP level 13. HP: 30/118 MP: 0/0
    14 | D        | Learned a level 5 spell: Alistair's Intoxication
    14 | D        | Reached XP level 14. HP: 31/125 MP: 0/0
    14 | D        | Killed a meat berserker
    14 | D        | Killed a bag of meat
    14 | D        | Reached ** piety under Makhleb
    14 | D        | Killed a meat berserker
    14 | D        | Killed a bag of meat
    14 | D        | Killed a meat berserker
    14 | D        | Reached *** piety under Makhleb
    14 | D        | Noticed a bag of meat
    14 | D        | Noticed a bag of meat
    14 | D        | Noticed a bag of meat
    14 | D        | Noticed a meat berserker
    14 | D        | Noticed a bag of meat
    14 | D        | Demolished by a large bag of meat

Illustrated notes

Levels and vault maps discovered:
D:        meatsprint

Skill      XL: |  1  2  3  4  5  6  7  8  9 10 11 12 |
---------------+-------------------------------------+-----
Fighting       | 16 20 | 20.0
Axes           | 4 7 |  7.4
Throwing       | 4 5 |  5.7
Armour         | 5 6 |  6.9
Dodging        | 18 21 | 21.6
Unarmed Combat | 16 19 | 19.6
Spellcasting   | |  2.9
Conjurations   | |  2.9
Hexes          | |  2.9
Summonings     | |  2.9
Necromancy     | |  2.9
Translocations | |  2.9
Fire Magic     | |  2.9
Ice Magic      | |  2.9
Air Magic      | |  2.9
Earth Magic    | |  2.9
Alchemy        | |  2.9

Action                     |  1- 3 |  4- 6 |  7- 9 | 10-12 | 13-15 || total
---------------------------+-------+-------+-------+-------+-------++-------
  Melee: Executioner's axe |     1 |       |       |     1 |     1 ||     3
 Armour: Leather armour    |       |       |       |     2 |     1 ||     3
